 Dungeon Crawl Stone Soup version 0.29.1-15-g9cfb28693d (webtiles) character file.

Game seed: 17189761536644481386

22298 Heoruswealwe the Eclecticist (level 12, -8/59 HPs)
             Began as a Deep Elf Summoner on Mar 5, 2023.
             Was a High Priest of Sif Muna.
             Shot with an arrow by a deep elf archer (19 damage)
             ... on level 1 of the Elven Halls.
             The game lasted 04:13:13 (18148 turns).

Heoruswealwe the Eclecticist (Deep Elf Summoner)   Turns: 18148, Time: 04:13:13

Health: -8/59      AC:  9    Str:  4    XL:     12   Next: 61%
Magic:  34/37      EV: 13    Int: 30    God:    Sif Muna [*****.]
Gold:   800        SH:  0    Dex: 14    Spells: 2/50 levels left

rFire   . . .      SeeInvis +   E - +1 long sword
rCold   . . .      Faith    .   (no shield)
rNeg    . . .      Spirit   .   s - +0 robe
rPois   .          Reflect  .   w - +2 hat
rElec   .          Harm     .   I - +0 cloak
rCorr   .          Rampage  .   d - +0 pair of gloves
Will    +....                   u - +2 pair of boots
Stlth   ++........              j - amulet of magic regeneration
HPRegen 0.19/turn               v - ring of wizardry
MPRegen 0.65/turn               Z - ring of see invisible

@: slowed, unable to read, very slow
A: horns 1, clever 1, inability to read after injury 1, noise suppression
a: Renounce Religion, Channel Magic, Forget Spell, Divine Exegesis


You were on level 1 of the Elven Halls.
You worshipped Sif Muna.
Sif Muna was extremely pleased with you.
You visited 4 branches of the dungeon, and saw 16 of its levels.
You also visited: Sewer.

You collected 1495 gold pieces.
You spent 695 gold pieces at shops.

Inventory:

Hand Weapons
 f - a +0 whip
 k - a +0 giant spiked club
 l - a +0 long sword
 o - a +0 dagger
 y - a +0 dagger
 B - a +0 whip
 D - a +0 giant club
 E - a +1 long sword (weapon)
 F - a +0 club
 J - a +0 dagger
 L - a +0 vorpal long sword
 N - a +0 club
 Q - a +0 arbalest
Missiles
 m - 8 boomerangs
Armour
 d - a +0 pair of gloves (worn)
 i - a +0 chain mail
 n - a +0 plate armour
 r - a +0 robe
 s - a +0 robe (worn)
 u - a +2 pair of boots (worn)
 w - a +2 hat (worn)
 A - a +0 chain mail
 G - a +0 scale mail
 I - a +0 cloak (worn)
 K - a +0 robe
 M - a +0 chain mail
 O - a +0 chain mail
 R - a +0 tower shield
Jewellery
 j - an amulet of magic regeneration (around neck)
 v - a ring of wizardry (left hand)
 H - a ring of willpower
 P - an amulet of guardian spirit
 Z - a ring of see invisible (right hand)
Wands
 g - a wand of iceblast (1)
 z - a wand of acid (7)
 T - a wand of flame (10)
 V - a wand of polymorph (9)
Scrolls
 c - 2 scrolls of blinking
 e - a scroll of poison
 h - 5 scrolls of teleportation
 p - 5 scrolls of identify
 t - 2 scrolls of amnesia
Potions
 a - 3 potions of might
 b - 3 potions of magic
 q - 3 potions of haste
 x - a potion of flight
 C - 6 potions of brilliance
 W - a potion of lignification


   Skills:
 - Level 3.0 Dodging
 - Level 3.0 Stealth
 + Level 19.6 Spellcasting
 + Level 17.1 Summonings


You had 2 spell levels left.
You knew the following spells:

 Your Spells              Type           Power      Damage    Failure   Level
a - Summon Small Mammal   Summ           100%       N/A       0%          1
b - Call Imp              Summ           93%        N/A       0%          2
c - Call Canine Familiar  Summ           93%        N/A       0%          3
d - Summon Guardian Gole  Hex/Summ       69%        N/A       1%          3
e - Summon Ice Beast      Ice/Summ       69%        N/A       1%          4
f - Summon Lightning Spi  Summ/Air       69%        N/A       1%          4
g - Summon Mana Viper     Hex/Summ       69%        N/A       1%          5
h - Monstrous Menagerie   Summ           46%        N/A       1%          7
i - Animate Armour        Summ/Erth      100%       N/A       1%          4
j - Summon Hydra          Summ           46%        N/A       1%          7
k - Summon Horrible Thin  Summ           46%        N/A       3%          8

Your spell library contained the following spells:

 Spells                   Type           Power      Damage    Failure   Level
 Foxfire                  Conj/Fire      100%       2x1d9     1%          1
 Conjure Flame            Conj/Fire      29%        6-21      1%          3
 Frozen Ramparts          Ice            58%        1d9       1%          3
 Gell's Gravitas          Tloc           29%        N/A       1%          3
 Inner Flame              Hex/Fire       29%        N/A       1%          3
 Lesser Beckoning         Tloc           29%        N/A       1%          3
 Teleport Other           Tloc           29%        N/A       1%          3
 Summon Cactus Giant      Summ           46%        N/A       1%          6
 Flame Wave               Conj/Fire      29%        2d9       5%          4
 Ice Form                 Ice/Tmut       29%        N/A       5%          4
 Dragon's Call            Summ           46%        N/A       41%         9
 Eringya's Noxious Bog    Tmut/Pois      14%        N/A       58%         6


Dungeon Overview and Level Annotations

Branches:
Dungeon (12/15)            Temple (1/1) D:7            Lair (0/5) D:10
    Orc (2/2) D:10            Elf (1/3) Orc:2         Sewer (visited)

Altars:
Ashenzari
Cheibriados
Dithmenos
Elyvilon
Fedhas
Gozag
Hepliaklqana
Kikubaaqudgha
Makhleb
Nemelex Xobeh
Okawaru
Qazlal
Ru
Sif Muna
Trog
Uskayaw
Vehumet
Wu Jian
Xom
Yredelemnul
Zin
The Shining One

Shops:
D:9 *   D:10 *[:[(   Orc:1 *=   Orc:2 :=!=   Elf:1 !


Innate Abilities, Weirdness & Mutations

You have a pair of small horns on your head.
Your mind is acute. (Int +4, Str/Dex -1)
You occasionally lose the ability to read scrolls when taking damage.
You passively dampen the noise of your surroundings.


Message History

The deep elf pyromancer gestures wildly while chanting.
The deep elf pyromancer blinks!
An eight-headed hydra appears.
The deep elf archer unwields a +0 dagger.
The deep elf archer wields a +0 shortbow.
The deep elf archer shoots an arrow.
The arrow hits you.
The deep elf pyromancer gestures wildly while chanting.
You swap places.
Your eight-headed hydra bites the deep elf pyromancer!
Your eight-headed hydra barely misses the deep elf pyromancer.
Your eight-headed hydra bites the deep elf pyromancer!!
Your eight-headed hydra bites the deep elf pyromancer! x2
The deep elf pyromancer dies!
Sif Muna accepts your kill.
You swap places.
The deep elf archer shoots an arrow.
The arrow completely misses you.
The deep elf archer gestures at you while chanting.
You feel yourself slow down.
The deep elf archer points at you and mumbles some strange words.
You resist with some effort.
The deep elf archer casts a spell at you.
Your eight-headed hydra appears confused.
Your eight-headed hydra disappears in a puff of smoke!
The deep elf archer shoots an arrow.
The arrow closely misses you.
The deep elf archer shoots an arrow.
The arrow hits you!
A 12-headed hydra appears.
The deep elf archer shoots an arrow.
The arrow misses you.
The deep elf archer shoots an arrow.
The arrow hits you!
The deep elf archer gestures at you while chanting.
You resist with some effort.
The deep elf archer shoots an arrow.
The arrow hits you!
You feel threatened and lose the ability to read scrolls!
* * * LOW HITPOINT WARNING * * *
The deep elf archer shoots an arrow.
The arrow hits your 12-headed hydra!
The deep elf archer shoots an arrow.
The arrow barely misses your 12-headed hydra.
The arrow barely misses you.
Your 12-headed hydra disappears in a puff of smoke!
The deep elf archer shoots an arrow.
The arrow hits you!!
You die...

..# ♣♣♣♣♣♣ . #.# .....§
.# #.#♣.8.8.e ........
E#.###....e.... .......
#.≈≈≈≈≈≈≈≈≈.≈≈ #.....#
#≈≈≈≈≈≈≈≈≈.≈≈ ....#
##.§....... #.###
##..#♣.⌠!8?8 #.#.##
##..@# .....
#####....####....# ♣♣♣♣
............'....######
#####....####.........#
#.#.## ##..)....##
#.### ##.....## #.#.##
##...## #[...## ##'##
#.....# #<####


You could see a deep elf archer (repels missiles).

Vanquished Creatures
  A warg (Orc:1)
  An orc warrior (Orc:2)
  A wight (D:7)
  A killer bee (D:6)
  A jelly (D:6)
  An orc priest (D:8)
  An orc wizard (Orc:1)
  A gnoll (D:3)
  2 adders
  4 orcs
  5 bats
  2 giant cockroaches (D:1)
  A goblin (D:3)
  A hobgoblin (D:3)
  A quokka (D:4)
  5 ball pythons
  A frilled lizard (D:2)
  6 kobolds
  2 rats (D:1)
  3 bushes (D:10)
41 creatures vanquished.

Vanquished Creatures (collateral kills)
  Gastronok (D:9)
  A two-headed ogre (D:9)
  4 orc high priests (Orc:2)
  5 orc knights
  5 orc sorcerers
  2 deep elf pyromancers (Elf:1)
  2 unseen horrors (D:10)
  2 hornets
  A basilisk (D:10)
  7 humans (D:8)
  8 wyverns
  14 yaks
  2 steam dragons
  8 vampire mosquitoes
  2 wargs
  2 water moccasins
  An ice beast (D:7)
  19 orc warriors
  A sky beast (D:7)
  4 ogres
  A centaur (D:10)
  A phantom (D:5)
  2 kobold brigands
  3 bullfrogs
  2 scorpions (D:10)
  2 gnoll sergeants
  8 wights
  9 killer bees
  7 howler monkeys
  An electric eel (D:8)
  A gnoll bouda (D:9)
  4 jellies
  15 orc priests
  9 hounds
  5 iguanas
  22 orc wizards
  17 gnolls
  6 adders
  A worm (D:4)
  3 dart slugs
  80 orcs
  2 bats
  9 endoplasms
  6 giant cockroaches
  4 goblins
  5 hobgoblins
  4 jackals
  9 quokkas
  4 ball pythons
  7 frilled lizards
  26 kobolds
  7 rats
  7 bushes
380 creatures vanquished.

Vanquished Creatures (others)
  Erica (D:9)
  An orc priest (D:4)
  An orc (D:8)
  5 fungi
  122 plants
130 creatures vanquished.

Grand Total: 551 creatures vanquished

Notes
Turn   | Place    | Note
-------+----------+-------------------------------------------
     0 | D:1      | Heoruswealwe the Deep Elf Summoner began the quest for the
                  | Orb.
     0 | D:1      | Reached XP level 1. HP: 10/10 MP: 6/6
   120 | D:1      | Reached XP level 2. HP: 5/15 MP: 5/8
   200 | D:1      | Found a faded altar of an unknown god.
   204 | D:1      | Prayed at the altar of an unknown god.
   204 | D:1      | Became a worshipper of Sif Muna the Loreminder
   204 | D:1      | Reached * piety under Sif Muna
   529 | D:1      | Reached XP level 3. HP: 19/19 MP: 10/10
   555 | D:1      | Learned a level 2 spell: Call Imp
   559 | D:1      | Learned a level 3 spell: Call Canine Familiar
  1081 | D:1      | Gained mutation: You are dopey. (Int -2) [potion of
                  | mutation]
  1081 | D:1      | Gained mutation: You have large cloven feet. [potion of
                  | mutation]
  1081 | D:1      | Gained mutation: Your flesh is cold resistant. (rC+)
                  | [potion of mutation]
  1081 | D:1      | Lost mutation: You are dopey. (Int -2) [potion of mutation]
  1282 | D:2      | Reached skill level 4 in Spellcasting
  1282 | D:2      | Reached skill level 5 in Summonings
  1699 | D:2      | Learned a level 3 spell: Summon Guardian Golem
  1761 | D:2      | Reached XP level 4. HP: 19/24 MP: 12/12
  2286 | D:3      | Reached ** piety under Sif Muna
  2419 | D:3      | Found a glowing drain.
  2443 | D:3      | Reached skill level 5 in Spellcasting
  2459 | Sewer    | Entered a sewer
  2555 | Sewer    | Reached XP level 5. HP: 28/28 MP: 14/14
  2825 | Sewer    | Reached *** piety under Sif Muna
  3560 | D:3      | Reached skill level 12 in Spellcasting
  3560 | D:3      | Reached XP level 6. HP: 32/32 MP: 16/23
  3576 | D:3      | Learned a level 4 spell: Summon Ice Beast
  3581 | D:3      | Learned a level 4 spell: Summon Lightning Spire
  3587 | D:3      | Learned a level 5 spell: Summon Mana Viper
  4606 | D:3      | Lost mutation: Your flesh is cold resistant. (rC+) [potion
                  | of mutation]
  4606 | D:3      | Lost mutation: You have large cloven feet. [potion of
                  | mutation]
  4606 | D:3      | Gained mutation: You are robust. (+10% HP) [potion of
                  | mutation]
  4606 | D:3      | Gained mutation: A frigid envelope surrounds you and
                  | freezes all who hurt you. [potion of mutation]
  4606 | D:3      | Gained mutation: Your body sometimes deteriorates upon
                  | taking damage. [potion of mutation]
  4606 | D:3      | Gained mutation: You passively map a small area around you.
                  | [potion of mutation]
  4607 | D:3      | Lost mutation: You passively map a small area around you.
                  | [potion of mutation]
  4607 | D:3      | Lost mutation: You are robust. (+10% HP) [potion of
                  | mutation]
  4607 | D:3      | Gained mutation: You have very sharp teeth. [potion of
                  | mutation]
  4607 | D:3      | Gained mutation: You are partially covered in iridescent
                  | scales. (AC +2) [potion of mutation]
  4608 | D:3      | Lost mutation: A frigid envelope surrounds you and freezes
                  | all who hurt you. [potion of mutation]
  4608 | D:3      | Lost mutation: Your body sometimes deteriorates upon taking
                  | damage. [potion of mutation]
  4608 | D:3      | Lost mutation: You have very sharp teeth. [potion of
                  | mutation]
  4608 | D:3      | Gained mutation: You do not regenerate when monsters are
                  | visible. [potion of mutation]
  4608 | D:3      | Gained mutation: You have large cloven feet. [potion of
                  | mutation]
  4704 | D:4      | Reached XP level 7. HP: 34/36 MP: 19/24
  5114 | D:4      | Reached **** piety under Sif Muna
  5883 | D:5      | Entered Level 5 of the Dungeon
  5900 | D:5      | Learned a level 7 spell: Monstrous Menagerie
  6343 | D:5      | Reached XP level 8. HP: 41/41 MP: 24/26
  6359 | D:5      | Reached skill level 13 in Spellcasting
  6893 | D:3      | Lost mutation: You do not regenerate when monsters are
                  | visible. [potion of mutation]
  6893 | D:3      | Lost mutation: You have large cloven feet. [potion of
                  | mutation]
  6893 | D:3      | Gained mutation: You expend magic power (3 MP) to
                  | strengthen your wands. [potion of mutation]
  6893 | D:3      | Gained mutation: You are strong-willed. (Will+) [potion of
                  | mutation]
  6893 | D:3      | Gained mutation: You possess an exceptional clarity of
                  | mind. [potion of mutation]
  6893 | D:3      | Gained mutation: Your spells are a little harder to cast,
                  | but a little more powerful. [potion of mutation]
  6894 | D:3      | Lost mutation: You possess an exceptional clarity of mind.
                  | [potion of mutation]
  6894 | D:3      | Lost mutation: Your spells are a little harder to cast, but
                  | a little more powerful. [potion of mutation]
  6894 | D:3      | Lost mutation: You expend magic power (3 MP) to strengthen
                  | your wands. [potion of mutation]
  6894 | D:3      | Gained mutation: You occasionally lose the ability to read
                  | scrolls when taking damage. [potion of mutation]
  6894 | D:3      | Gained mutation: You sometimes lose your temper in combat.
                  | [potion of mutation]
  6894 | D:3      | Gained mutation: You have hidden genetic potential. [potion
                  | of mutation]
  8473 | D:7      | Found a staircase to the Ecumenical Temple.
  8624 | Temple   | Entered the Ecumenical Temple
  8624 | Temple   | Found a transporter.
  8624 | Temple   | Found a transporter.
  8626 | Temple   | Found a transporter.
  8626 | Temple   | Found a transporter.
  8728 | D:7      | Reached XP level 9. HP: 43/44 MP: 28/28
  8928 | D:7      | Gained mutation: You passively dampen the noise of your
                  | surroundings. [hidden potential]
  9066 | D:7      | Reached skill level 14 in Spellcasting
  9940 | D:3      | Lost mutation: You are partially covered in iridescent
                  | scales. (AC +2) [potion of mutation]
  9940 | D:3      | Lost mutation: You are strong-willed. (Will+) [potion of
                  | mutation]
  9940 | D:3      | Lost mutation: You sometimes lose your temper in combat.
                  | [potion of mutation]
  9940 | D:3      | Gained mutation: You have a pair of small horns on your
                  | head. [potion of mutation]
  9940 | D:3      | Lost mutation: You have hidden genetic potential. [potion
                  | of mutation]
  9940 | D:3      | Gained mutation: Your mind is acute. (Int +4, Str/Dex -1)
                  | [potion of mutation]
 10344 | D:7      | Reached ***** piety under Sif Muna
 10930 | D:8      | Reached XP level 10. HP: 50/50 MP: 30/30
 10940 | D:8      | Reached skill level 15 in Spellcasting
 11176 | D:8      | Received a gift from Sif Muna
 11179 | D:8      | Got Ytsocuv's Commentary on Sweltering Invitation {god
                  | gift}
 11200 | D:8      | Learned a level 4 spell: Animate Armour
 11208 | D:8      | Learned a level 7 spell: Summon Hydra
 12479 | D:8      | Found a snail-covered altar of Cheibriados.
 12485 | D:8      | Found an iron altar of Okawaru.
 12912 | D:9      | Found Kayneb's General Store.
 12930 | D:9      | Paralysed by a hornet for 3 turns
 12947 | D:9      | Noticed a two-headed ogre
 12962 | D:9      | Killed a two-headed ogre
 13520 | D:9      | Reached skill level 16 in Spellcasting
 13590 | D:9      | Noticed Erica
 13597 | D:9      | Killed Erica
 13763 | D:9      | Reached XP level 11. HP: 54/54 MP: 30/33
 13928 | D:9      | Noticed Gastronok
 13945 | D:9      | Killed Gastronok
 14087 | D:9      | Found a shadowy altar of Dithmenos.
 14904 | D:10     | Entered Level 10 of the Dungeon
 14904 | D:10     | Found Hagurph's Antique Armour Boutique.
 14924 | D:10     | Found Rifiofap's Antique Armour Shoppe.
 14954 | D:10     | Reached skill level 17 in Spellcasting
 14990 | D:10     | Found Binukk's Assorted Antiques.
 15005 | D:10     | Reached skill level 15 in Summonings
 15024 | D:10     | Bought a faintly glowing lapis lazuli ring for 165 gold
                  | pieces
 15024 | D:10     | Identified the ring of Egomania {rPois Dex+8} (You bought
                  | it in a shop on level 10 of the Dungeon)
 15054 | D:10     | Found a staircase to the Orcish Mines.
 15177 | D:10     | Found a staircase to the Lair.
 15538 | D:10     | Found Vyroe's Book Boutique.
 15550 | D:10     | You fall into a shaft and drop 2 floors!
 16237 | D:10     | Found Ocakur's Weapon Shoppe.
 16398 | Orc:1    | Entered Level 1 of the Orcish Mines
 16442 | Orc:2    | Entered Level 2 of the Orcish Mines
 16466 | Orc:2    | Found a radiant altar of Vehumet.
 16490 | Orc:2    | Found a staircase to the Elven Halls.
 16651 | Orc:2    | Received a gift from Sif Muna
 16660 | Orc:2    | Got Ligesic's Atlas of Reformed Illusion {god gift}
 16702 | Orc:1    | Found Sidd's Assorted Antiques.
 16780 | Orc:1    | Bought a runed jade amulet for 140 gold pieces
 16924 | Orc:1    | Found Umabamnesys's Jewellery Boutique.
 17043 | Orc:1    | Noticed an orc sorcerer
 17045 | Orc:1    | Noticed an orc knight
 17070 | Orc:1    | Killed an orc sorcerer
 17071 | Orc:1    | Reached skill level 18 in Spellcasting
 17075 | Orc:1    | Killed an orc knight
 17606 | Orc:2    | Noticed an orc knight
 17619 | Orc:2    | Killed an orc knight
 17620 | Orc:2    | Reached XP level 12. HP: 59/59 MP: 29/36
 17722 | Orc:2    | Noticed an orc high priest
 17730 | Orc:2    | Killed an orc high priest
 17734 | Orc:2    | Reached skill level 19 in Spellcasting
 17738 | Orc:2    | Noticed an orc high priest
 17741 | Orc:2    | Killed an orc high priest
 17768 | Orc:2    | Noticed an orc high priest
 17774 | Orc:2    | Found Huonn's Distillery.
 17774 | Orc:2    | Found Jocze's Jewellery Shoppe.
 17775 | Orc:2    | Killed an orc high priest
 17777 | Orc:2    | Found Tanteylu's Book Shop.
 17777 | Orc:2    | Found Toachass's Jewellery Shoppe.
 17788 | Orc:2    | Bought a ring of wizardry for 390 gold pieces
 17801 | Orc:2    | Learned a level 8 spell: Summon Horrible Things
 17851 | Orc:2    | Noticed an orc high priest
 17864 | Orc:2    | Killed an orc high priest
 18057 | Elf:1    | Entered Level 1 of the Elven Halls
 18133 | Elf:1    | Found Yxeonair's Distillery.
 18148 | Elf:1    | Shot with an arrow by a deep elf archer

Illustrated notes

Levels and vault maps discovered:
D:1:      dpeg_arrival_rhombus, layout_basic, nicolae_ecumenical_lake_church
D:2:      layout_loops_ring
D:3:      layout_basic, gup_sewer_entry_pipe
D:4:      layout_gridville
D:5:      layout_loops_ring
D:6:      layout_basic
D:7:      layout_loops_ring, minmay_temple_entry_trees
D:8:      erik_cavepeople, layout_basic, mainiacjoe_overflow_big_doors,
          serial_bayou_lagoon_a
D:9:      layout_basic, nicolae_dithmenos_through_a_glass_darkly, serial_shops,
          nicolae_shop_crystal, uniq_erica, uniq_gastronok
D:10:     layout_roguey, minmay_lair_entry_grove, orc_0_dummy, serial_shops,
          nicolae_shop_overgrown_old_shop, shop, nicolae_shop_trees,
          nicolae_shop_crystal, nicolae_shop_statue_plus, special_room
          [special_room_orc], mrwooster_statue_mirror
D:11:     layout_stronghold, lemuel_flamethrower_hall, uniq_josephine
D:12:     layout_cave_pods
Temple:   hellmonk_temple_divided_pantheon
Orc:1:    layout_diamond_mine, serial_shops, nicolae_shop_overgrown_old_shop,
          nicolae_shop_advertising_works [nicolae_subvault_shop_adworks],
          basic_altar
Orc:2:    grunt_orc_tribal_feast, layout_caves, basic_altar
Elf:1:    layout_loops_corners, minmay_elf_sorcery, nicolae_wooded_promenade,
          minivault_5

Skill      XL: |  1  2  3  4  5  6  7  8  9 10 11 12 |
---------------+-------------------------------------+-----
Stealth        | 3 |  3.0
Dodging        | 3 |  3.0
Spellcasting   | 4 5 12 13 14 16 18 19 | 19.6
Summonings     | 5 11 12 13 14 16 17 | 17.1

Action                   |  1- 3 |  4- 6 |  7- 9 | 10-12 || total
-------------------------+-------+-------+-------+-------++-------
Melee: Club              |     7 |       |       |       ||     7
       Falchion          |    30 |   137 |       |       ||   167
       Punch             |       |     4 |     3 |    11 ||    18
       Long sword        |       |     2 |   110 |   376 ||   488
       Headbutt          |       |       |     2 |   140 ||   142
 Fire: Arbalest          |       |       |       |     3 ||     3
Throw: Stone             |     3 |       |       |       ||     3
 Cast: Summon Small Mamm |    13 |     7 |       |       ||    20
       Call Canine Famil |     7 |    14 |    33 |    17 ||    71
       Summon Ice Beast  |       |     1 |    14 |    51 ||    66
       Summon Guardian G |       |     1 |       |       ||     1
       Summon Lightning  |       |       |     1 |     2 ||     3
       Monstrous Menager |       |       |       |    24 ||    24
       Summon Hydra      |       |       |       |    26 ||    26
       Summon Mana Viper |       |       |       |     1 ||     1
       Animate Armour    |       |       |       |     1 ||     1
  Use: Potion            |     5 |    10 |     6 |     4 ||    25
       Scroll            |     4 |     5 |     1 |     6 ||    16
 Stab: Sleeping          |     1 |     2 |       |     1 ||     4
       Distracted        |     1 |       |     1 |     1 ||     3
Armor: Robe              |    16 |    18 |    17 |    46 ||    97
Dodge: Dodged            |    38 |    43 |    45 |    95 ||   221
